 Dungeon Crawl Stone Soup version 0.28-a0-1356-g2ad6d04315 (webtiles) character file.

Game seed: 16823861281826840860

1639 bande the Chopper (level 8, -5/49 HPs)
             Began as a Gargoyle Fighter on Dec 31, 2021.
             Was a Believer of Okawaru.
             Slain by Blork the orc (8 damage)
             ... on level 6 of the Dungeon.
             The game lasted 00:12:21 (5742 turns).

bande the Chopper (Gargoyle Fighter)                Turns: 5742, Time: 00:12:22

Health: -5/49      AC: 22    Str: 19    XL:     8   Next: 99%
Magic:  10/10      EV:  7    Int: 10    God:    Okawaru [**....]
Gold:   213        SH:  5    Dex: 11    Spells: 7/7 levels left

rFire   . . .      SeeInvis +   p - +2 broad axe (drain)
rCold   . . .      Faith    .   c - +0 buckler
rNeg    + . .      Spirit   .   j - +0 chain mail
rPois   ∞          Reflect  .   (no helmet)
rElec   +          Harm     .   (no cloak)
rCorr   .          Rampage  .   b - +2 pair of gloves
Will    .....                   l - +2 pair of boots
Stlth   ..........              (no amulet)
HPRegen 0.16/turn               e - ring of see invisible
MPRegen 0.12/turn               (no ring)

@: no status effects
A: sickness immunity, AC +5, negative energy resistance 1, electricity
resistance, torment resistance 1, petrification resistance
a: Renounce Religion, Heroism


You were on level 6 of the Dungeon.
You worshipped Okawaru.
Okawaru was pleased with you.
You visited 2 branches of the dungeon, and saw 7 of its levels.

You collected 213 gold pieces.

Inventory:

Hand Weapons
 a - a +1 war axe
 m - a +0 war axe
 p - a +2 broad axe of draining (weapon)
 w - a +0 flail of venom
Armour
 b - a +2 pair of gloves (worn)
 c - a +0 buckler (worn)
 j - a +0 chain mail (worn)
 l - a +2 pair of boots (worn)
Jewellery
 e - a ring of see invisible (left hand)
Wands
 n - a wand of paralysis (6)
 v - a wand of iceblast (10)
Scrolls
 g - 3 scrolls of fear
 h - a scroll of amnesia
 o - 2 scrolls of magic mapping
 r - 3 scrolls of teleportation
 t - a scroll of silence {unknown}
 x - a scroll of blinking
Potions
 d - 2 potions of might
 f - a potion of haste
 i - a potion of cancellation
 q - a potion of flight {unknown}
 s - 2 potions of curing {unknown}
 u - 3 potions of degeneration {unknown}


   Skills:
 + Level 5.2 Fighting
 + Level 6.6 Axes
 + Level 6.1 Armour
 + Level 4.6 Shields
 * Level 3.7 Invocations
 * Level 3.0 Evocations


You had 7 spell levels left.
You didn't know any spells.
Your spell library contained the following spells:

 Spells                   Type           Power      Damage    Failure   Level
 Sting                    Tmut/Pois      0%         1d3       98%         1


Dungeon Overview and Level Annotations

Branches:
Dungeon (6/15)             Temple (1/1) D:4

Altars:
Ashenzari
Fedhas
Hepliaklqana
Kikubaaqudgha
Nemelex Xobeh
Okawaru
Qazlal
Ru
Sif Muna
Trog
Uskayaw
Vehumet
Xom
Yredelemnul
Zin

Shops:
D:1 !   D:2 (

Annotations:
D:3 1 runed translucent door
D:6 Blork the orc


Innate Abilities, Weirdness & Mutations

You are immune to sickness and miasma.
Your stone body is resilient. (AC +5)
You are immune to poison.
You resist negative energy. (rN+)
You are resistant to electric shocks. (rElec)
You are resistant to unholy torment.
You are immune to petrification.


Message History

Blork the orc hits you but does no damage.
The orc closely misses you.
Blork the orc hits you but does no damage.
Your Evocations skill increases to level 3!
You slash the orc!
You kill the orc!
Okawaru accepts your kill.
Blork the orc hits you from afar with a +0 glaive!
The orc completely misses you. You block Blork the orc's attack.
The orc hits you but does no damage.
You slash the bullfrog skeleton!
The bullfrog skeleton is heavily damaged.
Blork the orc closely misses you.
The bullfrog skeleton hits you but does no damage.
Blork the orc begins to cast a cantrip, but forgets the words!
The orc hits you but does no damage.
You slash the bullfrog skeleton!
The bullfrog skeleton is almost destroyed.
The bullfrog skeleton hits you but does no damage.
Blork the orc hits you but does no damage.
The orc barely misses you.
Blork the orc hits you but does no damage.
You block the bullfrog skeleton's attack.
Blork the orc casts a spell at you.
The puff of frost hits you but does no damage.
Blork the orc screams, "I'll rip your head off!"
Blork the orc hits you but does no damage.
Blork the orc hits you from afar with a +0 glaive.
Blork the orc barely misses you. Blork the orc closely misses you.
Blork the orc casts a cantrip, but nothing happens.
Blork the orc points at you and mumbles some strange words.
The puff of frost hits you but does no damage.
Blork the orc hits you from afar with a +0 glaive!
* * * LOW HITPOINT WARNING * * *
Blork the orc hits you from afar with a +0 glaive!
* * * LOW HITPOINT WARNING * * *
Blork the orc jeers to no one in particular.
Blork the orc hits you from afar with a +0 glaive!
You die...

........#
#.#.###########
#########
#.#.#.........#
#.#.#......#.#
#.#.#....#.#.##.#
#.#.##.#..<.....#
#o#....###.######
#.######...#
#.######.###
#..oo.@..#
##########


You could see Blork the orc (fast) and an orc.

Vanquished Creatures
  Sigmund (D:6)
  Eustachio (D:4)
  Edmund (D:6)
  A necrophage (D:5)
  2 sky beasts
  3 ogres
  2 phantoms
  A kobold brigand (D:5)
  A scorpion (D:5)
  A howler monkey (D:6)
  A hound (D:5)
  2 human zombies (D:3)
  A jelly (D:6)
  An iguana (D:5)
  An orc wizard (D:6)
  A scorpion zombie (D:5)
  A howler monkey skeleton (D:5)
  10 adders
  An adder skeleton (D:4)
  2 worms
  A dart slug (D:2)
  6 orcs
  4 ball pythons
  4 endoplasms
  A giant cockroach (D:2)
  10 goblins
  8 hobgoblins
  3 jackals (D:3)
  11 kobolds
  4 quokkas
  4 bats
  9 frilled lizards
  A kobold zombie (D:3)
  2 rats
103 creatures vanquished.

Vanquished Creatures (others)
  7 plants (D:3)
7 creatures vanquished.

Grand Total: 110 creatures vanquished

Notes
Turn   | Place    | Note
-------+----------+-------------------------------------------
     0 | D:1      | bande the Gargoyle Fighter began the quest for the Orb.
     0 | D:1      | Reached XP level 1. HP: 14/14 MP: 1/1
    87 | D:1      | Found Votrunt's Distillery.
   171 | D:1      | Reached XP level 2. HP: 16/19 MP: 2/2
   510 | D:1      | Found a faded altar of an unknown god.
   520 | D:1      | Got Plato's Grimoire of Contamination
   773 | D:2      | Reached XP level 3. HP: 15/23 MP: 3/3
  1239 | D:2      | Reached XP level 4. HP: 29/29 MP: 4/4
  1253 | D:2      | Found a glowing silver altar of Zin.
  1660 | D:2      | Found Poonergh's Antique Weapon Shoppe.
  1857 | D:3      | Noticed a human
  1860 | D:3      | Reached XP level 5. HP: 33/33 MP: 5/5
  1985 | D:3      | Noticed an ogre
  1993 | D:3      | Killed an ogre
  2005 | D:3      | Reached XP level 6. HP: 31/38 MP: 6/6
  2296 | D:3      | Found a runed translucent door.
  2298 | D:3      | Found a basalt altar of Yredelemnul.
  2734 | D:4      | Found a staircase to the Ecumenical Temple.
  2749 | Temple   | Entered the Ecumenical Temple
  2774 | Temple   | Became a worshipper of Warmaster Okawaru
  3001 | D:4      | Noticed Eustachio
  3021 | D:4      | Killed Eustachio
  3022 | D:4      | Reached skill level 1 in Invocations
  3022 | D:4      | Reached XP level 7. HP: 19/44 MP: 7/7
  3814 | D:5      | Entered Level 5 of the Dungeon
  3816 | D:5      | Identified a scroll of acquirement
  3816 | D:5      | Acquired a +2 broad axe of draining
  3933 | D:5      | Reached skill level 5 in Axes
  3933 | D:5      | Reached skill level 1 in Evocations
  4166 | D:5      | Reached skill level 5 in Armour
  4193 | D:5      | Reached * piety under Okawaru
  4284 | D:5      | HP: 2/44 [ogre (13)]
  4882 | D:5      | Reached XP level 8. HP: 48/48 MP: 9/9
  4937 | D:5      | Found a stormy altar of Qazlal.
  5381 | D:6      | Noticed Sigmund
  5406 | D:6      | Killed Sigmund
  5406 | D:6      | Reached ** piety under Okawaru
  5570 | D:6      | Reached skill level 5 in Fighting
  5574 | D:6      | Noticed Edmund
  5591 | D:6      | Killed Edmund
  5699 | D:6      | Noticed Blork the orc
  5740 | D:6      | HP: 2/49 [Blork the orc (11)]
  5742 | D:6      | Slain by Blork the orc

Illustrated notes

Levels and vault maps discovered:
D:1:      minmay_arrival_up_and_down, layout_rooms,
          shapermc_ecumenical_altar_rom_forum, serial_shops,
          nicolae_lakefront_shop, corner_web_ring
D:2:      layout_loops_cross, serial_shops, nicolae_lakefront_shop, basic_altar
D:3:      layout_basic, dk_yredelemnul_ordeal, serial_park_tiny_1,
          minmay_lizard_king
D:4:      layout_rooms, temple_green, serial_rivers,
          chequers_serial_rivers_large_a, chequers_serial_rivers_marsh,
          chequers_serial_rivers_marsh, chequers_serial_rivers_room_a,
          chequers_serial_rivers_micro_a, uniq_eustachio
D:5:      layout_basic, mainiacjoe_overflow_brackets
D:6:      layout_basic, old_standard_altar, tso_metal_star, uniq_blork_the_orc,
          uniq_sigmund, uniq_edmund
Temple:   nicolae_temple_god_jail

Skill      XL: |  1  2  3  4  5  6  7  8 |
---------------+-------------------------+-----
Axes           | 2 3 4 5 6 |  6.6
Armour         | 4 5 6 |  6.1
Fighting       | 4 5 |  5.2
Shields        | 4 |  4.6
Invocations    | 1 2 3 |  3.7
Evocations     | 2 3 |  3.0

Action                   |  1- 3 |  4- 6 |  7- 9 || total
-------------------------+-------+-------+-------++-------
Melee: War axe           |   104 |   191 |    10 ||   305
       Broad axe         |       |       |   116 ||   116
  Use: Scroll            |     4 |     4 |     4 ||    12
Armor: Scale mail        |    46 |       |       ||    46
       Chain mail        |    20 |   124 |   103 ||   247
Dodge: Dodged            |    43 |    71 |    71 ||   185
Block: Buckler           |    24 |    42 |    31 ||    97

Table legend: (Time is in decaauts)
 A = Elapsed time spent in this place.
 B = Non-inter-level travel time spent in this place.
 C = Inter-level travel time spent in this place.
 D = Time resting spent in this place.
 E = Time spent auto-exploring this place.
 F = Levels seen in this place.
 G = Mean time per level.
                   A        B        C        D        E       F      G
               +--------+--------+--------+--------+--------+-----+--------+
         Total |   5900 |   5863 |     37 |   1278 |   3330 |   7 |  842.9 |
       Dungeon |   5813 |   5776 |     37 |   1278 |   3277 |   6 |  968.8 |
        Temple |     87 |     87 |      0 |      0 |     53 |   1 |   87.0 |
               +--------+--------+--------+--------+--------+-----+--------+

Top non-repeatable levels by time:
     D:5: 1575 daAuts
     D:4: 1103 daAuts
     D:2: 1092 daAuts
     D:3: 883 daAuts
     D:1: 769 daAuts
     D:6: 388 daAuts
  Temple: 87 daAuts
